Unix NetHack Version 3.7.0-84 Work-in-progress - last build May 22 2023 02:29:17 (732dfbf093e943a159c46a5f7822c8f8c359e758,branch:master). Game began 2023-05-11 17:35:10, ended 2023-05-31 18:45:45. tromix, lawful male human Priest # # # ## #### ---------------- # # |..............| ----------- ######## # |...............######## |..........### ## |@.............| # |.........| # |......$........0########### |.........-# # ---------------- ###-.......<.|######### # -----------# --.---## 0### |.(..|# ####-....|# |....-# ------ Tromix the Adept St:25 Dx:13 Co:15 In:13 Wi:18 Ch:12 Lawful Dlvl:6 $:337 HP:0(55) Pw:99(99) AC:-4 Exp:8 T:6315 FoodPois Latest messages: The door opens. You kill the yellow light! You see here a looking glass. You feel agile! You must have been working on your reflexes. The door opens. You try to move the boulder, but in vain. You try to move the boulder, but in vain. You try to move the boulder, but in vain. The door resists! The door opens. That door is closed. This door is locked. Unlock it with your key? [ynq] (q) y You succeed in unlocking the door. The door resists! The door resists! The door resists! The door resists! The door opens. You kill the hobgoblin! You hit the floating eye! You are frozen by the floating eye's gaze! You can move again. What do you want to use or apply? [aefqxFY or ?*] a You are now wearing a blindfold. You can't see any more. You kill the floating eye! You try to feel what is lying here on the floor. You feel here a floating eye corpse. What do you want to use or apply? [aefqxFY or ?*] a You were wearing a blindfold. You can see again. There is a floating eye corpse here; eat it? [ynq] (n) y This floating eye corpse tastes okay. You finish eating the floating eye corpse. m - a blessed brown potion. There is a hobgoblin corpse here; eat it? [ynq] (n) y Ulch - that meat was tainted! You feel deathly sick. (It must have died too long ago to be safe to eat.) What do you want to use or apply? [aefqxFY or ?*] x You produce a strange whistling sound. Your sickness feels worse. Your sickness is severe. You are at Death's door. Are you sure you want to pray? [yn] (n) y You begin praying to Amaterasu Omikami. You die from your illness. Do you want your possessions identified? [ynq] (y) q Inventory: Coins $ - 337 gold pieces Amulets h - a cursed amulet of strangulation Weapons G - 14 +0 darts (at the ready) z - a blessed +1 mace (weapon in hand) Armor P - a +0 dwarvish iron helm (being worn) B - a +0 pair of gauntlets of power (being worn) n - a +0 pair of leather gloves d - a +0 pair of iron shoes Q - a +0 pair of iron shoes (being worn) c - a +0 small shield (being worn) l - a blessed +1 mummy wrapping b - a +0 robe (being worn) S - a +0 dwarvish mithril-coat (being worn) Comestibles C - a clove of garlic r - 2 food rations u - a fortune cookie I - a sprig of wolfsbane j - 2 tripe rations Scrolls o - 2 scrolls of identify Potions m - a blessed potion of monster detection Wands Y - a wand of striking (0:4) Tools f - a bag of holding containing 27 items a - a blindfold x - a magic whistle F - an oil lamp q - a +0 pick-axe (alternate weapon; not wielded) e - a skeleton key Gems/Stones i - a worthless piece of orange glass k - a worthless piece of yellow glass Contents of the bag of holding: 231 gold pieces a blessed +1 helm of caution a blessed +2 orcish helm a +2 orcish helm a blessed +0 pair of low boots a +0 dwarvish roundshield a blessed scroll of create monster 2 scrolls of create monster a scroll of teleportation a scroll of light a cursed scroll of light a scroll of gold detection 2 blessed scrolls of blank paper 2 scrolls of blank paper 3 scrolls of identify a spellbook of healing 2 potions of booze a cursed potion of booze a potion of hallucination a potion of restore ability a blessed potion of invisibility 4 potions of holy water a cursed ring of hunger a worthless piece of red glass a worthless piece of white glass named poi a citrine stone 4 worthless pieces of orange glass Tromix the Priest's attributes: Background: You were an Adept, a level 8 human Priest. You were lawful, on a mission for Amaterasu Omikami who was opposed by Raijin (neutral) and Susanowo (chaotic). You were in the Dungeons of Doom, on level 6. You entered the dungeon 6315 turns ago. You had 1680 experience points, 880 more were needed to attain level 9. Basics: You had 0 out of 55 hit points. You had all 99 energy points (spell power). Your armor class was -4. Your wallet contained 337 zorkmids, and you had 231 more stashed away in your pack. Autopickup was off. Final Characteristics: Your strength was 25 (base:11, innate limit:18/100). Your dexterity was 13 (limit:18). Your constitution was 15 (limit:18). Your intelligence was 13 (limit:18). Your wisdom was 18 (limit:18). Your charisma was 12 (limit:18). Final Status: You died from food poisoning. You were not hungry. You were unencumbered. You were wielding a mace. You had expert skill with mace. Final Attributes: You were piously aligned. You were poison resistant. You were telepathic. You were guarded. You were unlucky. You are dead. Miscellaneous: You disabled loading of bones levels. Total elapsed playing time was 1 hour, 40 minutes and 21 seconds. Major events: Turn 1: tromix the lawful human Priest entered the dungeon 1302: entered the Gnomish Mines 1303: attained the rank of Acolyte (level 3) 3107: attained the rank of Adept (level 6) 6315: poisoned by a rotted hobgoblin corpse, while praying Vanquished creatures: a large mimic 2 small mimics 7 orc-captains a gold golem a lizard an ape 4 Mordor orcs 3 Uruk-hai 2 orc shamans 2 rock moles a pony a yellow light a shrieker a violet fungus 5 gnome leaders a kobold mummy a gray ooze an elf zombie a straw golem a paper golem a little dog 4 floating eyes a kitten 3 dwarves 2 kobold leaders 32 hill orcs 2 rothes 2 giant bats an orc zombie 3 dwarf zombies a coyote 3 hobgoblins a yellow mold a red mold 17 gnomes a gnome zombie 4 geckos 13 jackals 2 foxes 3 kobolds 5 goblins 2 sewer rats 5 grid bugs 2 bats 4 lichens 3 kobold zombies 6 newts 162 creatures vanquished. No species were genocided or became extinct. Voluntary challenges: You were illiterate. You never engraved Elbereth. You never genocided any monsters. You never polymorphed an object. You never changed form. You used no wishes. Achievements: You entered a shop. You entered the Gnomish Mines. You attained the rank of Acolyte. You attained the rank of Adept. The Dungeons of Doom: levels 1 to 6 Level 1: Level 2: A general store, an altar, a fountain. Level 3: A general store, a grave. Stairs down to The Gnomish Mines. Level 4: A shop. Level 5: An armor shop. Level 6: <- You were here. Final resting place for you, poisoned by a rotted hobgoblin corpse, while praying. The Gnomish Mines: levels 4 to 8 Level 4: Level 5: Level 6: An altar, some fountains. Level 7: Level 8: Game over: ---------- / \ / REST \ / IN \ / PEACE \ / \ | tromix | | 568 Au | | poisoned by a | | rotted hobgoblin | | corpse | | | | 2023 | *| * * * | * _________)/\\_//(\/(/\)/\//\/|_)_______ Goodbye tromix the Priest... You were poisoned in The Dungeons of Doom on dungeon level 6 with 7582 points, and 568 pieces of gold, after 6315 moves. You were level 8 with a maximum of 55 hit points when you were poisoned.